Flyers vs Blues

Created - February 16, 2017 at 16:57

Goals
1 2 3 T
Flyers 3 0 1 4
Blues 1 1 1 3
Shots
1 2 3 T
Flyers 12 11 16 39
Blues 5 8 9 22

1st period

1. Flyers , Ryan White 3 (Shawn Matthias, Tom Gilbert) at 2:19
2. Blues , Rick Nash 30 (Adam Cracknell, Matt Carle) at 7:38
3. Flyers , Brooks Orpik 2 (Marcus Johansson, Calle Jarnkrok) at 9:04
4. Flyers , Casey Cizikas 16 (Ben Hutton, Jonathan Ericsson) at 12:32

Penalties :
Rob Klinkhammer (STL) for Holding (Minor) at 9:55, Mark Borowiecki (STL) for Holding (Minor) at 14:16

2nd period

5. Blues , Matt Carle 1 (Michael Raffl, Jiri Hudler) at 17:31 (PP)

Penalties :
Jonathan Ericsson (PHI) for Hooking (Minor) at 3:19, Rob Klinkhammer (STL) for Roughing (Minor) at 7:30, Ryan Ellis (PHI) for Hooking (Minor) at 17:05, Rob Klinkhammer (STL) for Hooking (Minor) at 18:29

3rd period

6. Blues , Marian Hossa 16 (Matt Carle) at 16:12
7. Flyers , Joel Ward 25 (Ryan Ellis, Marcus Johansson) at 17:36 (PP)

Penalties :
Mark Borowiecki (STL) for Fighting (Major) at 4:41, Jonathan Ericsson (PHI) for Fighting (Major) at 4:41, Mark Borowiecki (STL) for instigated a fight (Game Misconduct) at 4:41, Barret Jackman (STL) for Hooking (Minor) at 17:06, Barret Jackman (STL) for High sticking (Minor) at 18:02

Goalie Stats

Chad Johnson (PHI), 19 saves from 22 shots - (0.864), W, 13-3-2, 60:00 minutes
Antti Niemi (STL), 35 saves from 39 shots - (0.897), L, 12-21-0, 60:00 minutes

Players Stats for Flyers

Player Name              G  A  P  +/- PIM S  H  SB GA TA FO     MP     PP MP  PK MP  
------------------------------------------------------------------------------------
Alexander Killorn        0  0  0   0  0   4  0  0  0  0  0/0    20:38   5:00   0:00 
Andrew MacDonald         0  0  0  -1  0   0  0  0  0  0  0/0    23:26   7:08   0:45 
Ben Hutton               0  1  1   2  0   0  1  1  0  0  0/0    20:07   5:14   0:00 
Brian Gionta             0  0  0   0  0   0  0  0  0  0  1/1    17:03   0:00   1:25 
Brooks Orpik             1  0  1   0  0   1  3  0  0  0  0/0    17:03   0:00   1:28 
Calle Jarnkrok           0  1  1   0  0   3  0  0  0  0  16/23  16:15   0:36   1:25 
Casey Cizikas            1  0  1   1  0   4  3  0  0  0  15/23  16:01   5:00   1:00 
Chris VandeVelde         0  0  0   0  0   0  0  0  0  0  3/6     5:20   0:00   0:00 
Dan Boyle                0  0  0   0  0   2  0  1  0  0  0/0    21:46   5:14   0:57 
Jean-Gabriel Pageau      0  0  0   0  0   7  5  1  0  0  21/33  22:24   6:46   0:00 
Joel Ward                1  0  1   0  0   5  1  0  0  0  0/0    21:36   7:22   0:00 
Jonathan Ericsson        0  1  1   1  7   1  3  2  0  0  0/0     9:50   0:00   0:22 
Marcus Johansson         0  2  2   0  0   5  0  0  0  0  0/2    21:36   7:22   0:00 
Matt Hendricks           0  0  0   1  0   3  1  0  0  0  1/1    11:01   0:00   1:00 
Ryan Ellis               0  1  1  -1  2   3  5  1  0  0  0/0    22:13   7:08   0:21 
Ryan White               1  0  1   0  0   1  1  0  0  0  0/0     5:20   0:00   0:00 
Shawn Matthias           0  1  1   1  0   0  0  0  0  0  0/0    20:21   5:00   0:00 
Tom Gilbert              0  1  1   1  0   0  0  0  0  0  0/0     5:32   0:00   0:57 

Players Stats for Blues

Player Name              G  A  P  +/- PIM S  H  SB GA TA FO     MP     PP MP  PK MP  
------------------------------------------------------------------------------------
Adam Cracknell           0  1  1  -1  0   1  1  0  0  0  3/11   18:34   0:00   0:52 
Barret Jackman           0  0  0   0  4   0  3  2  0  0  0/0    20:48   1:06   4:55 
Chris Wideman            0  0  0  -3  0   0  1  0  0  0  0/0    16:01   0:00   1:32 
Jakub Kindl              0  0  0  -2  0   1  1  1  0  0  0/0    18:15   0:00   2:21 
Jay Bouwmeester          0  0  0   0  0   0  1  5  0  0  0/0    26:07   1:06   7:22 
Jay McClement            0  0  0   0  0   0  0  0  0  0  0/0     7:11   0:00   0:00 
Jiri Hudler              0  1  1   0  0   4  0  0  0  0  3/11   22:38   1:32   7:59 
Johnny Boychuk           0  0  0   0  0   0  0  0  0  0  0/0     0:22   0:00   0:14 
Marian Hossa             1  0  1   0  0   4  0  1  0  0  1/1    14:24   0:00   0:00 
Mark Borowiecki          0  0  0   1  19  0  3  2  0  0  0/0    15:39   1:19   2:34 
Matt Carle               1  2  3   2  0   1  0  3  0  0  0/0    22:44   1:19   5:46 
Michael Raffl            0  1  1   0  0   1  1  0  0  0  1/6    19:10   1:32   4:31 
Mike Fisher              0  0  0   0  0   2  3  0  0  0  0/0    23:03   0:53   7:46 
Nick Cousins             0  0  0   0  0   2  0  1  0  0  8/21   18:26   0:53   3:09 
R.J. Umberger            0  0  0   0  0   1  0  0  0  0  0/0     7:11   0:00   0:00 
Rick Nash                1  0  1  -1  0   3  0  1  0  0  5/14   11:40   0:53   0:16 
Rob Klinkhammer          0  0  0   0  6   1  1  0  0  0  11/24  14:47   1:32   0:11 
Tanner Glass             0  0  0  -1  0   1  0  0  0  0  0/1    10:31   0:00   0:00 

3 Stars

1 - Matt Carle (STL)
2 - Casey Cizikas (PHI)
3 - Brooks Orpik (PHI)

Power Play

Flyers - 1 on 7 Attempt(s) - 14.29%
Blues - 1 on 2 Attempt(s) - 50.00%

Penalty Kill

Flyers - 1 on 2 Attempt(s) - 50.00% - Score 0 goal in Penalty Kill
Blues - 6 on 7 Attempt(s) - 85.71% - Score 0 goal in Penalty Kill

Team Stat

Flyers - Hits : 23 - Faceoff Wins : 57 - Blocked Shots : 6 - Penalty Minutes : 9
Blues - Hits : 15 - Faceoff Wins : 32 - Blocked Shots : 16 - Penalty Minutes : 29

Official

Referees : Dan O'Halloran and Ian Walsh
Linesman : Scott Cherrey and David Brisebois

Game Notes

Mark Borowiecki and Jonathan Ericsson fight to a draw at 4:41 of 3rd period
Mark Borowiecki ejected from game at 4:41 of 3rd period

Finance

Level 1 -- Attendance: 5620 (86.46%) -- Ticket Income $567,620
Level 2 -- Attendance: 3612 (72.24%) -- Ticket Income $307,020
Level 3 -- Attendance: 2981 (85.17%) -- Ticket Income $178,860
Level 4 -- Attendance: 2075 (65.87%) -- Ticket Income $93,375
Luxury Box -- Attendance: 970 (97.00%) -- Ticket Income $194,000
Game was played at the Scottrade Center.
Total Attendance: 15258 (79.68%)
Total Ticket Income: $1,340,875
Other Income: $201,131
Total Income: $1,542,006

% Time on Ice - Flyers

Lines # - Real PCT - Wanted PCT - Time Play
Normal Forward
1 - 35% - 33% - 15:38
2 - 31% - 33% - 14:14
3 - 22% - 23% - 10:01
4 - 12% - 11% - 5:20
Normal Defense
1 - 33% - 32% - 14:45
2 - 34% - 32% - 15:35
3 - 23% - 24% - 10:28
4 - 10% - 12% - 4:25
PP Forward
1 - 60% - 55% - 7:22
2 - 40% - 45% - 5:00
PP Defense
1 - 58% - 55% - 7:08
2 - 42% - 45% - 5:14
PK Forward
1 - 59% - 50% - 1:25
2 - 41% - 50% - 1:00
PK Defense
1 - 61% - 55% - 1:28
2 - 39% - 45% - 0:57
PK3 Forward
1 - 0% - 60%
2 - 0% - 40%
PK3 Defense
1 - 0% - 50%
2 - 0% - 50%
44 Forward
1 - 0% - 50%
2 - 0% - 50%
44 Defense
1 - 0% - 50%
2 - 0% - 50%
Last Minute Offensive  - 0:00
Last Minute Defensive  - 0:00
Total
Forward - 60:00
Defense - 60:00

% Time on Ice - Blues

Lines # - Real PCT - Wanted PCT - Time Play
Normal Forward
1 - 32% - 33% - 14:24
2 - 29% - 27% - 13:07
3 - 23% - 24% - 10:31
4 - 16% - 16% - 7:11
Normal Defense
1 - 33% - 35% - 14:49
2 - 35% - 33% - 15:39
3 - 27% - 32% - 11:59
4 - 6% - 0% - 2:46
PP Forward
1 - 37% - 60% - 0:53
2 - 63% - 40% - 1:32
PP Defense
1 - 46% - 60% - 1:06
2 - 54% - 40% - 1:19
PK Forward
1 - 75% - 60% - 9:13
2 - 25% - 40% - 3:09
PK Defense
1 - 59% - 60% - 7:17
2 - 41% - 40% - 5:05
PK3 Forward
1 - 0% - 60%
2 - 0% - 40%
PK3 Defense
1 - 0% - 60%
2 - 0% - 40%
44 Forward
1 - 0% - 60%
2 - 0% - 40%
44 Defense
1 - 0% - 60%
2 - 0% - 40%
Last Minute Offensive  - 0:00
Last Minute Defensive  - 0:00
Total
Forward - 60:00
Defense - 60:00

Play by Play

1st period


0:01 of 1st period - Nick Cousins wins face-off versus Jean-Gabriel Pageau in neutral zone.
0:12 of 1st period - Jay Bouwmeester is hit by Jean-Gabriel Pageau and loses puck.
0:25 of 1st period - Shot by Alexander Killorn.
0:25 of 1st period - Shot Blocked by Nick Cousins.
1:52 of 1st period - Icing by Adam Cracknell.
1:53 of 1st period - Chris VandeVelde wins face-off versus Rick Nash in Blues zone.
2:19 of 1st period - Shot by Ryan White.
2:19 of 1st period - Goal by Ryan White - Flyers : 1 - Blues : 0.
2:20 of 1st period - Jean-Gabriel Pageau wins face-off versus Nick Cousins in neutral zone.
2:20 of 1st period - Alexander Killorn is hit by Mike Fisher and loses puck.
2:46 of 1st period - Marian Hossa is hit by Ryan Ellis and loses puck.
2:56 of 1st period - Nick Cousins is hit by Ryan Ellis and loses puck.
3:42 of 1st period - Icing by Chris Wideman.
3:43 of 1st period - Calle Jarnkrok wins face-off versus Adam Cracknell in Blues zone.
3:44 of 1st period - Shot by Marcus Johansson.
3:44 of 1st period - Stopped by Antti Niemi without a rebound.
3:45 of 1st period - Rob Klinkhammer wins face-off versus Calle Jarnkrok in Blues zone.
4:01 of 1st period - Shot by Marcus Johansson.
4:01 of 1st period - Stopped by Antti Niemi without a rebound.
4:02 of 1st period - Casey Cizikas wins face-off versus Rick Nash in Blues zone.
4:23 of 1st period - Shot by Matt Hendricks.
4:23 of 1st period - Shot Blocked by Jay Bouwmeester.
4:28 of 1st period - Jay Bouwmeester is hit by Casey Cizikas and loses puck.
4:38 of 1st period - Adam Cracknell is hit by Jonathan Ericsson and loses puck.
4:44 of 1st period - Rick Nash is hit by Jonathan Ericsson and loses puck.
4:52 of 1st period - Icing by Jonathan Ericsson.
4:53 of 1st period - Rob Klinkhammer wins face-off versus Casey Cizikas in Flyers zone.
4:53 of 1st period - Rob Klinkhammer is hit by Ben Hutton.
5:00 of 1st period - Jiri Hudler is hit by Jonathan Ericsson and loses puck.
5:29 of 1st period - Shot by Calle Jarnkrok.
5:29 of 1st period - Stopped by Antti Niemi without a rebound.
5:30 of 1st period - Jean-Gabriel Pageau wins face-off versus Nick Cousins in Blues zone.
5:33 of 1st period - Shot by Brian Gionta.
5:33 of 1st period - Shot Blocked by Marian Hossa.
5:35 of 1st period - Shot by Jean-Gabriel Pageau.
5:35 of 1st period - Shot Misses the Net.
5:42 of 1st period - Icing by Jakub Kindl.
5:43 of 1st period - Calle Jarnkrok wins face-off versus Nick Cousins in Blues zone.
6:12 of 1st period - Shot by Mike Fisher.
6:12 of 1st period - Shot Misses the Net.
6:14 of 1st period - Shot by Marian Hossa.
6:14 of 1st period - Stopped by Chad Johnson without a rebound.
6:15 of 1st period - Jean-Gabriel Pageau wins face-off versus Adam Cracknell in Flyers zone.
6:28 of 1st period - Icing by Alexander Killorn.
6:29 of 1st period - Jean-Gabriel Pageau wins face-off versus Rob Klinkhammer in Flyers zone.
7:24 of 1st period - Shot by Calle Jarnkrok.
7:24 of 1st period - Deflect By Joel Ward.
7:24 of 1st period - Stopped by Antti Niemi without a rebound.
7:25 of 1st period - Chris VandeVelde wins face-off versus Rick Nash in Blues zone.
7:38 of 1st period - Shot by Rick Nash.
7:38 of 1st period - Goal by Rick Nash - Flyers : 1 - Blues : 1.
7:39 of 1st period - Calle Jarnkrok wins face-off versus Nick Cousins in neutral zone.
7:54 of 1st period - Shot by Joel Ward.
7:54 of 1st period - Stopped by Antti Niemi without a rebound.
7:55 of 1st period - Chris VandeVelde wins face-off versus Adam Cracknell in Blues zone.
8:13 of 1st period - Shot by Chris VandeVelde.
8:13 of 1st period - Shot Misses the Net.
8:15 of 1st period - Shot by Andrew MacDonald.
8:15 of 1st period - Shot Blocked by Matt Carle.
9:02 of 1st period - Shot by Marcus Johansson.
9:02 of 1st period - Shot Misses the Net.
9:04 of 1st period - Shot by Brooks Orpik.
9:04 of 1st period - Goal by Brooks Orpik - Flyers : 2 - Blues : 1.
9:05 of 1st period - Jean-Gabriel Pageau wins face-off versus Nick Cousins in neutral zone.
9:24 of 1st period - Shot by Nick Cousins.
9:24 of 1st period - Shot Blocked by Jonathan Ericsson.
9:26 of 1st period - Shot by Jakub Kindl.
9:26 of 1st period - Stopped by Chad Johnson with a rebound.
9:28 of 1st period - Shot by Marian Hossa.
9:28 of 1st period - Shot Misses the Net.
9:30 of 1st period - Shot by Nick Cousins.
9:30 of 1st period - Shot Misses the Net.
9:32 of 1st period - Shot by Mike Fisher.
9:32 of 1st period - Shot Misses the Net.
9:55 of 1st period - Minor Penalty to Rob Klinkhammer for Holding.
9:56 of 1st period - Jean-Gabriel Pageau wins face-off versus Jiri Hudler in Blues zone.
11:05 of 1st period - Shot by Dan Boyle.
11:05 of 1st period - Shot Blocked by Mark Borowiecki.
11:07 of 1st period - Shot by Dan Boyle.
11:07 of 1st period - Stopped by Antti Niemi without a rebound.
11:08 of 1st period - Calle Jarnkrok wins face-off versus Jiri Hudler in Blues zone.
12:13 of 1st period - Shot by Adam Cracknell.
12:13 of 1st period - Stopped by Chad Johnson without a rebound.
12:14 of 1st period - Rick Nash wins face-off versus Casey Cizikas in Flyers zone.
12:32 of 1st period - Shot by Casey Cizikas.
12:32 of 1st period - Goal by Casey Cizikas - Flyers : 3 - Blues : 1.
12:33 of 1st period - Nick Cousins wins face-off versus Jean-Gabriel Pageau in neutral zone.
12:40 of 1st period - Shot by Marian Hossa.
12:40 of 1st period - Shot Misses the Net.
13:02 of 1st period - Shot by Alexander Killorn.
13:02 of 1st period - Stopped by Antti Niemi without a rebound.
13:03 of 1st period - Rob Klinkhammer wins face-off versus Calle Jarnkrok in Blues zone.
13:03 of 1st period - Rob Klinkhammer is hit by Joel Ward.
13:09 of 1st period - Michael Raffl is hit by Ryan Ellis and loses puck.
13:41 of 1st period - Icing by Jay Bouwmeester.
13:42 of 1st period - Matt Hendricks wins face-off versus Rob Klinkhammer in Blues zone.
14:16 of 1st period - Minor Penalty to Mark Borowiecki for Holding.
14:17 of 1st period - Jean-Gabriel Pageau wins face-off versus Adam Cracknell in Blues zone.
14:44 of 1st period - Shot by Jean-Gabriel Pageau.
14:44 of 1st period - Stopped by Antti Niemi without a rebound.
14:45 of 1st period - Casey Cizikas wins face-off versus Michael Raffl in Blues zone.
15:06 of 1st period - Shot by Casey Cizikas.
15:06 of 1st period - Stopped by Antti Niemi without a rebound.
15:07 of 1st period - Jean-Gabriel Pageau wins face-off versus Jiri Hudler in Blues zone.
15:16 of 1st period - Shot by Joel Ward.
15:16 of 1st period - Shot Misses the Net.
15:22 of 1st period - Shot by Mike Fisher.
15:22 of 1st period - Shot Blocked by Jean-Gabriel Pageau.
16:32 of 1st period - Shot by Tanner Glass.
16:32 of 1st period - Deflect By Rick Nash.
16:32 of 1st period - Stopped by Chad Johnson without a rebound.
16:33 of 1st period - Nick Cousins wins face-off versus Casey Cizikas in Flyers zone.
18:33 of 1st period - Icing by Mark Borowiecki.
18:34 of 1st period - Rob Klinkhammer wins face-off versus Chris VandeVelde in Blues zone.
18:44 of 1st period - Off-side.
18:45 of 1st period - Casey Cizikas wins face-off versus Adam Cracknell in neutral zone.
18:56 of 1st period - Shot by Shawn Matthias.
18:56 of 1st period - Shot Misses the Net.
19:33 of 1st period - Jay Bouwmeester is hit by Brooks Orpik and loses puck.
Goals for this period are 3 for Flyers vs 1 for Blues.
Shots for this period are 12 for Flyers vs 5 for Blues.

2nd period


0:01 of 2nd period - Calle Jarnkrok wins face-off versus Rick Nash in neutral zone.
0:01 of 2nd period - Ryan Ellis is hit by Adam Cracknell and loses puck.
0:09 of 2nd period - Off-side.
0:10 of 2nd period - Jean-Gabriel Pageau wins face-off versus Nick Cousins in neutral zone.
0:33 of 2nd period - Shot by Marian Hossa.
0:33 of 2nd period - Stopped by Chad Johnson without a rebound.
0:34 of 2nd period - Rick Nash wins face-off versus Calle Jarnkrok in Flyers zone.
0:42 of 2nd period - Off-side.
0:43 of 2nd period - Calle Jarnkrok wins face-off versus Rob Klinkhammer in neutral zone.
0:57 of 2nd period - Shot by Calle Jarnkrok.
0:57 of 2nd period - Shot Misses the Net.
0:59 of 2nd period - Shot by Andrew MacDonald.
0:59 of 2nd period - Shot Misses the Net.
1:01 of 2nd period - Shot by Calle Jarnkrok.
1:01 of 2nd period - Stopped by Antti Niemi with a rebound.
1:03 of 2nd period - Shot by Calle Jarnkrok.
1:03 of 2nd period - Shot Misses the Net.
1:33 of 2nd period - Icing by Matt Carle.
1:34 of 2nd period - Rob Klinkhammer wins face-off versus Jean-Gabriel Pageau in Blues zone.
1:51 of 2nd period - Shot by Alexander Killorn.
1:51 of 2nd period - Shot Blocked by Mark Borowiecki.
2:01 of 2nd period - Shot by Jean-Gabriel Pageau.
2:01 of 2nd period - Stopped by Antti Niemi without a rebound.
2:02 of 2nd period - Casey Cizikas wins face-off versus Adam Cracknell in Blues zone.
2:02 of 2nd period - Casey Cizikas is hit by Chris Wideman.
3:04 of 2nd period - Off-side.
3:05 of 2nd period - Jean-Gabriel Pageau wins face-off versus Nick Cousins in neutral zone.
3:09 of 2nd period - Jean-Gabriel Pageau is hit by Barret Jackman and loses puck.
3:19 of 2nd period - Minor Penalty to Jonathan Ericsson for Hooking.
3:20 of 2nd period - Calle Jarnkrok wins face-off versus Rob Klinkhammer in Flyers zone.
3:48 of 2nd period - Barret Jackman is hit by Casey Cizikas and loses puck.
4:46 of 2nd period - Shot by Matt Carle.
4:46 of 2nd period - Shot Misses the Net.
4:48 of 2nd period - Shot by Mike Fisher.
4:48 of 2nd period - Shot Blocked by Dan Boyle.
4:52 of 2nd period - Shot by Nick Cousins.
4:52 of 2nd period - Shot Misses the Net.
5:07 of 2nd period - Off-side.
5:08 of 2nd period - Casey Cizikas wins face-off versus Rob Klinkhammer in neutral zone.
6:19 of 2nd period - Shot by Ryan Ellis.
6:19 of 2nd period - Stopped by Antti Niemi with a rebound.
6:21 of 2nd period - Shot by Ryan Ellis.
6:21 of 2nd period - Shot Misses the Net.
6:23 of 2nd period - Shot by Ryan Ellis.
6:23 of 2nd period - Stopped by Antti Niemi without a rebound.
6:24 of 2nd period - Marian Hossa wins face-off versus Jean-Gabriel Pageau in Blues zone.
6:42 of 2nd period - Icing by Jay Bouwmeester.
6:43 of 2nd period - Calle Jarnkrok wins face-off versus Nick Cousins in Blues zone.
7:04 of 2nd period - Shot by Marcus Johansson.
7:04 of 2nd period - Shot Blocked by Jay Bouwmeester.
7:29 of 2nd period - Off-side.
7:30 of 2nd period - Jean-Gabriel Pageau wins face-off versus Rob Klinkhammer in neutral zone.
7:30 of 2nd period - Minor Penalty to Rob Klinkhammer for Roughing.
7:31 of 2nd period - Casey Cizikas wins face-off versus Jiri Hudler in Blues zone.
7:37 of 2nd period - Alexander Killorn is hit by Mark Borowiecki and loses puck.
8:27 of 2nd period - Shot by Jean-Gabriel Pageau.
8:27 of 2nd period - Stopped by Antti Niemi without a rebound.
8:28 of 2nd period - Adam Cracknell wins face-off versus Jean-Gabriel Pageau in Blues zone.
8:49 of 2nd period - Shot by Ryan Ellis.
8:49 of 2nd period - Stopped by Antti Niemi with a rebound.
8:55 of 2nd period - Shot by Andrew MacDonald.
8:55 of 2nd period - Shot Misses the Net.
8:57 of 2nd period - Shot by Jean-Gabriel Pageau.
8:57 of 2nd period - Shot Misses the Net.
10:13 of 2nd period - Shot by Alexander Killorn.
10:13 of 2nd period - Stopped by Antti Niemi with a rebound.
10:53 of 2nd period - Shot by Marian Hossa.
10:53 of 2nd period - Shot Misses the Net.
11:13 of 2nd period - Shot by Marcus Johansson.
11:13 of 2nd period - Shot Misses the Net.
11:15 of 2nd period - Shot by Marcus Johansson.
11:15 of 2nd period - Stopped by Antti Niemi without a rebound.
11:16 of 2nd period - Rob Klinkhammer wins face-off versus Casey Cizikas in Blues zone.
11:35 of 2nd period - Shot by Matt Hendricks.
11:35 of 2nd period - Stopped by Antti Niemi without a rebound.
11:36 of 2nd period - Jean-Gabriel Pageau wins face-off versus Adam Cracknell in Blues zone.
11:53 of 2nd period - Shot by R.J. Umberger.
11:53 of 2nd period - Stopped by Chad Johnson without a rebound.
11:54 of 2nd period - Rob Klinkhammer wins face-off versus Marcus Johansson in Flyers zone.
12:12 of 2nd period - Calle Jarnkrok is hit by Jay Bouwmeester.
12:16 of 2nd period - Shot by Marcus Johansson.
12:16 of 2nd period - Shot Misses the Net.
12:46 of 2nd period - Off-side.
12:47 of 2nd period - Nick Cousins wins face-off versus Jean-Gabriel Pageau in neutral zone.
13:10 of 2nd period - Icing by Brooks Orpik.
13:11 of 2nd period - Rick Nash wins face-off versus Jean-Gabriel Pageau in Flyers zone.
13:11 of 2nd period - Rick Nash is hit by Brooks Orpik.
13:15 of 2nd period - Shot by Tanner Glass.
13:15 of 2nd period - Stopped by Chad Johnson with a rebound.
13:51 of 2nd period - Shot by Tanner Glass.
13:51 of 2nd period - Deflect By Rick Nash.
13:51 of 2nd period - Shot Misses the Net.
14:20 of 2nd period - Shot by Calle Jarnkrok.
14:20 of 2nd period - Stopped by Antti Niemi without a rebound.
14:21 of 2nd period - Rob Klinkhammer wins face-off versus Casey Cizikas in Blues zone.
14:30 of 2nd period - Shot by Michael Raffl.
14:30 of 2nd period - Shot Blocked by Ben Hutton.
14:34 of 2nd period - Shot by Michael Raffl.
14:34 of 2nd period - Stopped by Chad Johnson with a rebound.
14:36 of 2nd period - Shot by Rob Klinkhammer.
14:36 of 2nd period - Stopped by Chad Johnson without a rebound.
14:37 of 2nd period - Calle Jarnkrok wins face-off versus Nick Cousins in Flyers zone.
14:37 of 2nd period - Ryan Ellis is hit by Mike Fisher and loses puck.
14:54 of 2nd period - Shot by Marian Hossa.
14:54 of 2nd period - Stopped by Chad Johnson with a rebound.
14:57 of 2nd period - Mike Fisher is hit by Ryan Ellis and loses puck.
15:03 of 2nd period - Icing by Ryan Ellis.
15:04 of 2nd period - Rick Nash wins face-off versus Calle Jarnkrok in Flyers zone.
15:29 of 2nd period - Icing by Jay Bouwmeester.
15:30 of 2nd period - Jean-Gabriel Pageau wins face-off versus Rick Nash in Blues zone.
15:49 of 2nd period - Shot by Jean-Gabriel Pageau.
15:49 of 2nd period - Shot Blocked by Jay Bouwmeester.
16:51 of 2nd period - Shot by Matt Hendricks.
16:51 of 2nd period - Stopped by Antti Niemi without a rebound.
16:52 of 2nd period - Rob Klinkhammer wins face-off versus Calle Jarnkrok in Blues zone.
17:05 of 2nd period - Minor Penalty to Ryan Ellis for Hooking.
17:06 of 2nd period - Casey Cizikas wins face-off versus Michael Raffl in Flyers zone.
17:29 of 2nd period - Shot by Michael Raffl.
17:29 of 2nd period - Shot Blocked by Jonathan Ericsson.
17:31 of 2nd period - Shot by Matt Carle.
17:31 of 2nd period - Goal by Matt Carle - Flyers : 3 - Blues : 2.
17:32 of 2nd period - Casey Cizikas wins face-off versus Nick Cousins in neutral zone.
18:09 of 2nd period - Shot by Nick Cousins.
18:09 of 2nd period - Stopped by Chad Johnson without a rebound.
18:10 of 2nd period - Jean-Gabriel Pageau wins face-off versus Rob Klinkhammer in Flyers zone.
18:10 of 2nd period - Brian Gionta is hit by Rob Klinkhammer and loses puck.
18:29 of 2nd period - Minor Penalty to Rob Klinkhammer for Hooking.
18:30 of 2nd period - Jean-Gabriel Pageau wins face-off versus Jiri Hudler in Blues zone.
19:26 of 2nd period - Shot by Jiri Hudler.
19:26 of 2nd period - Shot Misses the Net.
19:29 of 2nd period - Icing by Ben Hutton.
19:30 of 2nd period - Jean-Gabriel Pageau wins face-off versus Michael Raffl in Flyers zone.
Goals for this period are 0 for Flyers vs 1 for Blues.
Shots for this period are 11 for Flyers vs 8 for Blues.

3rd period


0:01 of 3rd period - Jean-Gabriel Pageau wins face-off versus Jiri Hudler in neutral zone.
0:07 of 3rd period - Joel Ward is hit by Barret Jackman and loses puck.
0:16 of 3rd period - Shot by Marcus Johansson.
0:16 of 3rd period - Stopped by Antti Niemi without a rebound.
0:17 of 3rd period - Casey Cizikas wins face-off versus Jiri Hudler in Blues zone.
0:22 of 3rd period - Shot by Dan Boyle.
0:22 of 3rd period - Shot Blocked by Matt Carle.
0:44 of 3rd period - Shot by Rick Nash.
0:44 of 3rd period - Stopped by Chad Johnson without a rebound.
0:45 of 3rd period - Jean-Gabriel Pageau wins face-off versus Nick Cousins in Flyers zone.
0:52 of 3rd period - Shot by Jean-Gabriel Pageau.
0:52 of 3rd period - Stopped by Antti Niemi without a rebound.
0:53 of 3rd period - Rob Klinkhammer wins face-off versus Calle Jarnkrok in Blues zone.
2:16 of 3rd period - Shot by Alexander Killorn.
2:16 of 3rd period - Stopped by Antti Niemi without a rebound.
2:17 of 3rd period - Casey Cizikas wins face-off versus Rick Nash in Blues zone.
2:31 of 3rd period - Casey Cizikas is hit by Jakub Kindl and loses puck.
2:34 of 3rd period - Shot by Matt Hendricks.
2:34 of 3rd period - Stopped by Antti Niemi without a rebound.
2:35 of 3rd period - Nick Cousins wins face-off versus Chris VandeVelde in Blues zone.
2:44 of 3rd period - Shot by Chris VandeVelde.
2:44 of 3rd period - Shot Blocked by Barret Jackman.
2:50 of 3rd period - Marian Hossa is hit by Ryan White.
3:06 of 3rd period - Shot by Mike Fisher.
3:06 of 3rd period - Stopped by Chad Johnson without a rebound.
3:07 of 3rd period - Jean-Gabriel Pageau wins face-off versus Adam Cracknell in Flyers zone.
3:12 of 3rd period - Shot by Jean-Gabriel Pageau.
3:12 of 3rd period - Stopped by Antti Niemi without a rebound.
3:13 of 3rd period - Brian Gionta wins face-off versus Rob Klinkhammer in Blues zone.
3:14 of 3rd period - Shot by Jean-Gabriel Pageau.
3:14 of 3rd period - Shot Blocked by Matt Carle.
3:16 of 3rd period - Shot by Dan Boyle.
3:16 of 3rd period - Stopped by Antti Niemi with a rebound.
3:18 of 3rd period - Shot by Alexander Killorn.
3:18 of 3rd period - Stopped by Antti Niemi without a rebound.
3:19 of 3rd period - Calle Jarnkrok wins face-off versus Michael Raffl in Blues zone.
3:40 of 3rd period - Shot by Jiri Hudler.
3:40 of 3rd period - Stopped by Chad Johnson without a rebound.
3:41 of 3rd period - Jean-Gabriel Pageau wins face-off versus Nick Cousins in Flyers zone.
3:41 of 3rd period - Jean-Gabriel Pageau is hit by Mike Fisher.
3:46 of 3rd period - Dan Boyle is hit by Barret Jackman.
4:12 of 3rd period - Shot by Jean-Gabriel Pageau.
4:12 of 3rd period - Deflect By Alexander Killorn.
4:12 of 3rd period - Shot Misses the Net.
4:14 of 3rd period - Shot by Jean-Gabriel Pageau.
4:14 of 3rd period - Stopped by Antti Niemi without a rebound.
4:15 of 3rd period - Calle Jarnkrok wins face-off versus Rob Klinkhammer in Blues zone.
4:15 of 3rd period - Calle Jarnkrok is hit by Mark Borowiecki.
4:19 of 3rd period - Shot by Marcus Johansson.
4:19 of 3rd period - Stopped by Antti Niemi without a rebound.
4:20 of 3rd period - Calle Jarnkrok wins face-off versus Tanner Glass in Blues zone.
4:24 of 3rd period - Calle Jarnkrok is hit by Mark Borowiecki and loses puck.
4:41 of 3rd period - Mark Borowiecki and Jonathan Ericsson fight to a draw.
4:41 of 3rd period - Penalty to Mark Borowiecki for Fighting.
4:41 of 3rd period - Penalty to Jonathan Ericsson for Fighting.
4:41 of 3rd period - Penalty to Mark Borowiecki for instigated a fight.
4:41 of 3rd period - Mark Borowiecki is ejected from game.
4:42 of 3rd period - Casey Cizikas wins face-off versus Jiri Hudler in neutral zone.
5:42 of 3rd period - Icing by Shawn Matthias.
5:43 of 3rd period - Casey Cizikas wins face-off versus Michael Raffl in Flyers zone.
6:20 of 3rd period - Shot by Joel Ward.
6:20 of 3rd period - Stopped by Antti Niemi without a rebound.
6:21 of 3rd period - Michael Raffl wins face-off versus Jean-Gabriel Pageau in Blues zone.
6:38 of 3rd period - Shot by Joel Ward.
6:38 of 3rd period - Shot Hit the Post.
8:05 of 3rd period - Mike Fisher is hit by Jean-Gabriel Pageau and loses puck.
8:27 of 3rd period - Icing by Marian Hossa.
8:28 of 3rd period - Nick Cousins wins face-off versus Calle Jarnkrok in Blues zone.
8:37 of 3rd period - Shot by Mike Fisher.
8:37 of 3rd period - Stopped by Chad Johnson without a rebound.
8:38 of 3rd period - Rob Klinkhammer wins face-off versus Marcus Johansson in Flyers zone.
8:45 of 3rd period - Shot by Jiri Hudler.
8:45 of 3rd period - Stopped by Chad Johnson without a rebound.
8:46 of 3rd period - Calle Jarnkrok wins face-off versus Rob Klinkhammer in Flyers zone.
8:51 of 3rd period - Shot by Marcus Johansson.
8:51 of 3rd period - Shot Blocked by Jay Bouwmeester.
9:38 of 3rd period - Jay Bouwmeester is hit by Jean-Gabriel Pageau and loses puck.
10:18 of 3rd period - Jay Bouwmeester is hit by Matt Hendricks and loses puck.
10:23 of 3rd period - Shot by Shawn Matthias.
10:23 of 3rd period - Shot Misses the Net.
10:25 of 3rd period - Shot by Matt Hendricks.
10:25 of 3rd period - Shot Misses the Net.
10:27 of 3rd period - Shot by Casey Cizikas.
10:27 of 3rd period - Stopped by Antti Niemi without a rebound.
10:28 of 3rd period - Nick Cousins wins face-off versus Chris VandeVelde in Blues zone.
10:41 of 3rd period - Shot by Nick Cousins.
10:41 of 3rd period - Stopped by Chad Johnson without a rebound.
10:42 of 3rd period - Calle Jarnkrok wins face-off versus Rick Nash in Flyers zone.
11:11 of 3rd period - Shot by Calle Jarnkrok.
11:11 of 3rd period - Shot Misses the Net.
11:19 of 3rd period - Shot by Joel Ward.
11:19 of 3rd period - Shot Misses the Net.
11:21 of 3rd period - Shot by Jonathan Ericsson.
11:21 of 3rd period - Stopped by Antti Niemi without a rebound.
11:22 of 3rd period - Nick Cousins wins face-off versus Casey Cizikas in Blues zone.
11:40 of 3rd period - Off-side.
11:41 of 3rd period - Adam Cracknell wins face-off versus Jean-Gabriel Pageau in neutral zone.
12:17 of 3rd period - Chris Wideman is hit by Jean-Gabriel Pageau and loses puck.
12:49 of 3rd period - Icing by Matt Carle.
12:50 of 3rd period - Casey Cizikas wins face-off versus Nick Cousins in Blues zone.
13:09 of 3rd period - Jakub Kindl is hit by Ryan Ellis and loses puck.
13:26 of 3rd period - Shot by Casey Cizikas.
13:26 of 3rd period - Shot Blocked by Barret Jackman.
13:54 of 3rd period - Shot by Jiri Hudler.
13:54 of 3rd period - Stopped by Chad Johnson with a rebound.
13:56 of 3rd period - Shot by Jiri Hudler.
13:56 of 3rd period - Stopped by Chad Johnson without a rebound.
13:57 of 3rd period - Calle Jarnkrok wins face-off versus Rick Nash in Flyers zone.
14:09 of 3rd period - Icing by Rick Nash.
14:10 of 3rd period - Rick Nash wins face-off versus Jean-Gabriel Pageau in Blues zone.
14:10 of 3rd period - Rick Nash is hit by Jean-Gabriel Pageau.
14:15 of 3rd period - Tanner Glass is hit by Brooks Orpik and loses puck.
14:51 of 3rd period - Shot by Alexander Killorn.
14:51 of 3rd period - Deflect By Jean-Gabriel Pageau.
14:51 of 3rd period - Stopped by Antti Niemi without a rebound.
14:52 of 3rd period - Calle Jarnkrok wins face-off versus Rob Klinkhammer in Blues zone.
15:01 of 3rd period - Shot by Marcus Johansson.
15:01 of 3rd period - Shot Misses the Net.
15:03 of 3rd period - Shot by Calle Jarnkrok.
15:03 of 3rd period - Shot Blocked by Jay Bouwmeester.
15:08 of 3rd period - Icing by Jay Bouwmeester.
15:09 of 3rd period - Casey Cizikas wins face-off versus Rob Klinkhammer in Blues zone.
15:13 of 3rd period - Shot by Matt Hendricks.
15:13 of 3rd period - Shot Misses the Net.
15:19 of 3rd period - Shot by Casey Cizikas.
15:19 of 3rd period - Shot Misses the Net.
15:35 of 3rd period - Shot by Jay Bouwmeester.
15:35 of 3rd period - Shot Blocked by Ryan Ellis.
16:12 of 3rd period - Shot by Marian Hossa.
16:12 of 3rd period - Goal by Marian Hossa - Flyers : 3 - Blues : 3.
16:13 of 3rd period - Jean-Gabriel Pageau wins face-off versus Rick Nash in neutral zone.
16:33 of 3rd period - Shot by Alexander Killorn.
16:33 of 3rd period - Shot Blocked by Rick Nash.
16:35 of 3rd period - Shot by Alexander Killorn.
16:35 of 3rd period - Shot Misses the Net.
16:37 of 3rd period - Shot by Brian Gionta.
16:37 of 3rd period - Shot Blocked by Jakub Kindl.
16:39 of 3rd period - Shot by Brian Gionta.
16:39 of 3rd period - Shot Misses the Net.
17:06 of 3rd period - Minor Penalty to Barret Jackman for Hooking.
17:07 of 3rd period - Jiri Hudler wins face-off versus Jean-Gabriel Pageau in Blues zone.
17:22 of 3rd period - Shot by Ryan Ellis.
17:22 of 3rd period - Shot Misses the Net.
17:28 of 3rd period - Shot by Joel Ward.
17:28 of 3rd period - Stopped by Antti Niemi with a rebound.
17:30 of 3rd period - Shot by Jean-Gabriel Pageau.
17:30 of 3rd period - Shot Hit the Post.
17:32 of 3rd period - Shot by Marcus Johansson.
17:32 of 3rd period - Shot Misses the Net.
17:36 of 3rd period - Shot by Joel Ward.
17:36 of 3rd period - Goal by Joel Ward - Flyers : 4 - Blues : 3.
17:37 of 3rd period - Adam Cracknell wins face-off versus Casey Cizikas in neutral zone.
17:52 of 3rd period - Icing by Brooks Orpik.
17:53 of 3rd period - Casey Cizikas wins face-off versus Rob Klinkhammer in Flyers zone.
17:53 of 3rd period - Casey Cizikas is hit by Michael Raffl.
18:02 of 3rd period - Minor Penalty to Barret Jackman for High sticking.
18:03 of 3rd period - Jiri Hudler wins face-off versus Casey Cizikas in Blues zone.
18:03 of 3rd period - Jiri Hudler is hit by Casey Cizikas.
19:54 of 3rd period - Shot by Casey Cizikas.
19:54 of 3rd period - Stopped by Antti Niemi without a rebound.
19:55 of 3rd period - Jiri Hudler wins face-off versus Jean-Gabriel Pageau in Blues zone.
Goals for this period are 1 for Flyers vs 1 for Blues.
Shots for this period are 16 for Flyers vs 9 for Blues.